AoeStats
← |GaoeG| flamingo

Enclosed

504267106Analyzed
1v1 RM · 27d ago on Sep 4, 2026· 46m 38s· 2 players
Game mode
Random Map
Map size
Tiny (2 player)
Population
200
Speed
Normal
Resources
Standard
Victory
Conquest
Starting age
Dark Age
Ending age
Imperial Age
RankedLock teamsTeams togetherTeam positionsShared explorationLock speedFull tech treeHidden civsTurbo modeCheats
Victory
Defeat
🇪🇸 Persians · Spain
1369
+17
🇫🇷 Turks · France
1398
-17
|GaoeG| flamingo
6:29 Loom
9:11 Feudal Age
10:04 Double-Bit Axe
10:06 Man-at-Arms
15:43 Fletching
21:36 Castle Age
20:01 Horse Collar
22:02 Bloodlines
22:49 Bow Saw
22:38 Gold Mining
22:48 Bodkin Arrow
25:25 Gold Shaft Mining
25:25 Padded Archer Armor
25:32 Husbandry
25:24 Town Watch
29:47 Heavy Plow
30:37 Parthian Tactics
32:50 Wheelbarrow
33:28 Ballistics
37:44 Imperial Age
36:24 Thumb Ring
37:04 Scale Barding Armor
37:10 Forging
37:32 Cavalier
39:04 Hand Cart
39:51 Chain Barding Armor
40:07 Iron Casting
40:02 Savar
42:35 Plate Barding Armor
43:08 Conscription
45:36 Heavy Camel Rider
nonoleboss
9:06 Feudal Age
7:48 Loom
11:22 Double-Bit Axe
19:47 Castle Age
19:33 Bloodlines
19:49 Scale Barding Armor
19:58 Forging
19:50 Horse Collar
22:01 Bow Saw
28:02 Scale Barding Armor
27:58 Fletching
29:20 Wheelbarrow
29:56 Chain Barding Armor
31:33 Town Watch
32:05 Husbandry
33:47 Bodkin Arrow
34:39 Hand Cart
36:58 Heavy Plow
40:18 Imperial Age
41:42 Plate Barding Armor
41:56 Iron Casting
41:56 Padded Archer Armor
43:10 Heavy Camel Rider
45:10 Blast Furnace
Connection lost

Rejoining the realm…

Still unreachable

The connection could not be restored.

Session expired

The server has moved on; the page needs a fresh start.